General information
- name: BNet
- type: Ladder team game (AT/RT)
- host: Battle.net
- saver: humankingtomvip
map: GoldRush
- players: 8
- length: 37:46
- speed: Fast
- version: 1.26 W3XP
- replay type: Public
» download(213 KB)
Players
team 1 (winner)
humankingtomvip (
orange | 62 APM | 2361 actions | 37:46)
10 Archmage
3 Blizzard
3 Brilliance Aura
1 Mass Teleport
3 Summon Water Elemental
» actions
| Assign group hotkey | 106 | |
| Basic commands | 59 | |
| Build / train | 106 | |
| ESC pressed | 10 | |
| Enter build submenu | 42 | |
| Enter hero's abilities submenu | 11 | |
| Give item / drop item | 2 | |
| Right click | 968 | |
| Select / deselect | 272 | |
| Select group hotkey | 603 | |
| Use ability | 182 | |
2361 total
» units
| Peasant | 37 | |
| Gryphon Rider | 7 | |
| Siege Engine | 1 | |
45 total
» upgrades
| Masonry | 1 | |
| Armor | 3 | |
| Swords | 3 | |
| Storm Hammers | 1 | |
| Animal War Training | 1 | |
| Plating | 1 | |
| Barrage | 1 | |
11 total
» buildings
| Altar of Kings | 1 | |
| Farm | 13 | |
| Lumber Mill | 1 | |
| Scout Tower | 55 | |
| Arcane Tower | 2 | |
| Town Hall | 5 | |
| Keep | 2 | |
| Guard Tower | 12 | |
| Arcane Vault | 1 | |
| Castle | 3 | |
| Blacksmith | 1 | |
| Gryphon Aviary | 3 | |
| Barracks | 1 | |
| Workshop | 5 | |
105 total
» build order
00:12 Altar of Kings
00:24 Farm
00:55 Farm
01:07 Lumber Mill
01:14 Scout Tower
01:57 Arcane Tower
02:07 Farm
03:12 Scout Tower
03:14 Scout Tower
03:19 Scout Tower
04:09 Town Hall
04:45 Scout Tower
04:45 Scout Tower
04:46 Scout Tower
04:47 Keep
04:47 Keep
05:27 Arcane Tower
05:30 Guard Tower
06:01 Arcane Vault
06:22 Guard Tower
07:08 Castle
07:08 Castle
07:08 Castle
07:36 Blacksmith
08:37 Gryphon Aviary
08:38 Gryphon Aviary
08:38 Gryphon Aviary
08:40 Barracks
08:43 Farm
08:44 Farm
08:44 Farm
09:12 Farm
09:12 Farm
09:13 Farm
09:13 Farm
09:49 Guard Tower
11:25 Guard Tower
13:14 Farm
13:14 Farm
14:57 Scout Tower
14:57 Scout Tower
14:57 Scout Tower
14:57 Scout Tower
14:58 Scout Tower
14:58 Scout Tower
14:58 Scout Tower
14:59 Scout Tower
14:59 Scout Tower
14:59 Scout Tower
14:59 Scout Tower
15:00 Scout Tower
15:00 Scout Tower
15:00 Scout Tower
15:00 Scout Tower
16:15 Guard Tower
16:49 Guard Tower
16:50 Guard Tower
16:50 Guard Tower
16:51 Guard Tower
17:21 Guard Tower
17:21 Guard Tower
20:05 Town Hall
21:06 Town Hall
21:09 Town Hall
21:37 Scout Tower
21:37 Scout Tower
21:38 Scout Tower
21:38 Scout Tower
21:39 Scout Tower
21:39 Scout Tower
21:39 Scout Tower
21:40 Scout Tower
21:40 Scout Tower
21:41 Scout Tower
21:41 Scout Tower
21:41 Scout Tower
21:41 Scout Tower
21:42 Scout Tower
21:42 Scout Tower
21:43 Scout Tower
21:43 Scout Tower
21:43 Scout Tower
21:44 Scout Tower
21:44 Scout Tower
21:44 Scout Tower
21:44 Scout Tower
27:01 Workshop
27:02 Workshop
27:02 Workshop
27:04 Workshop
27:04 Workshop
29:24 Town Hall
» items
| Boots of Speed | 1 | |
| Staff of Teleportation | 1 | |
| Ivory Tower | 4 | |
| Lesser Clarity Potion | 1 | |
| Scroll of Regeneration | 4 | |
| Scroll of Town Portal | 3 | |
| Orb of Corruption | 1 | |
| Staff of Sanctuary | 1 | |
16 total

»
Rex3Iverson (
purple | 33 APM | 1248 actions | 37:44)
7 Death Knight
3 Death Coil
3 Unholy Aura
1 Animate Dead
» actions
| Build / train | 75 | |
| Enter build submenu | 32 | |
| Enter hero's abilities submenu | 7 | |
| Remove unit from queue | 2 | |
| Right click | 690 | |
| Select / deselect | 359 | |
| Use ability | 83 | |
1248 total
» units
| Acolyte | 11 | |
| Ghoul | 7 | |
| Crypt Fiend | 8 | |
| Frost Wyrm | 7 | |
| Dryad | 9 | |
| Wisp | 6 | |
48 total
» upgrades
| Web | 1 | |
| Creature Carapace | 2 | |
| Creature Attack | 2 | |
| Freezing Breath | 1 | |
| Reinforced Hides | 1 | |
7 total
» buildings
| Ziggurat | 11 | |
| Crypt | 3 | |
| Altar of Darkness | 1 | |
| Tomb of Relics | 1 | |
| Graveyard | 1 | |
| Nerubian Tower | 1 | |
| Halls of the Dead | 1 | |
| Black Citadel | 1 | |
| Sacrificial Pit | 1 | |
| Boneyard | 2 | |
| Spirit Tower | 4 | |
| Necropolis | 1 | |
28 total
» build order
00:31 Ziggurat
00:33 Crypt
00:38 Altar of Darkness
00:48 Tomb of Relics
01:14 Crypt
01:35 Graveyard
02:48 Ziggurat
02:51 Nerubian Tower
04:25 Halls of the Dead
05:34 Ziggurat
06:38 Ziggurat
07:24 Black Citadel
08:55 Sacrificial Pit
09:01 Ziggurat
10:01 Boneyard
10:06 Boneyard
10:37 Ziggurat
12:45 Spirit Tower
12:47 Spirit Tower
12:48 Spirit Tower
12:50 Spirit Tower
14:55 Ziggurat
18:40 Ziggurat
18:47 Ziggurat
31:28 Necropolis
34:03 Ziggurat
34:06 Ziggurat
35:32 Crypt
» items
| Rod of Necromancy | 1 | |
| Scroll of Town Portal | 2 | |
3 total
NoobFest (
blue | 21 APM | 806 actions | 37:44)
4 Blademaster
2 Wind Walk
2 Critical Strike
» actions
| Basic commands | 16 | |
| Build / train | 52 | |
| Enter build submenu | 40 | |
| Enter hero's abilities submenu | 4 | |
| Give item / drop item | 1 | |
| Remove unit from queue | 1 | |
| Right click | 375 | |
| Select / deselect | 244 | |
| Use ability | 73 | |
806 total
» units
| Peon | 17 | |
| Grunt | 5 | |
| Troll Witch Doctor | 1 | |
| Shaman | 1 | |
| Dryad | 2 | |
26 total
» upgrades
| Spiked Barricades | 1 | |
| Armor | 2 | |
| Melee Weapons | 2 | |
| Reinforced Defenses | 1 | |
| Shaman Training | 2 | |
| Strength of the Wild | 1 | |
| Witch Doctor Training | 1 | |
10 total
» buildings
| Altar of Storms | 7 | |
| Orc Burrow | 8 | |
| Barracks | 1 | |
| Voodoo Lounge | 3 | |
| War Mill | 2 | |
| Watch Tower | 7 | |
| Stronghold | 2 | |
| Spirit Lodge | 2 | |
| Great Hall | 2 | |
| Fortress | 1 | |
| Beastiary | 1 | |
36 total
» build order
00:11 Altar of Storms
00:16 Orc Burrow
00:51 Barracks
01:22 Voodoo Lounge
02:23 Orc Burrow
03:08 War Mill
03:50 Orc Burrow
05:38 Watch Tower
06:43 Watch Tower
07:46 Stronghold
08:42 Watch Tower
09:11 Voodoo Lounge
10:00 Watch Tower
10:07 Watch Tower
10:11 Spirit Lodge
15:07 Great Hall
15:15 Orc Burrow
18:49 Altar of Storms
19:27 Orc Burrow
20:44 War Mill
21:46 Stronghold
22:03 Watch Tower
22:16 Orc Burrow
24:52 Fortress
24:57 Watch Tower
26:15 Spirit Lodge
27:09 Voodoo Lounge
27:35 Orc Burrow
29:14 Orc Burrow
31:00 Beastiary
31:26 Altar of Storms
33:06 Altar of Storms
33:41 Altar of Storms
34:12 Altar of Storms
35:41 Altar of Storms
37:19 Great Hall
» items
| Healing Salve | 1 | |
| Lesser Clarity Potion | 1 | |
| Potion of Healing | 1 | |
| Orb of Corruption | 1 | |
| Boots of Speed | 1 | |
| Scroll of Town Portal | 1 | |
| Orb of Lightning | 1 | |
7 total
Darkmen (
pink | 37 APM | 864 actions | 23:14)
3 Demon Hunter
2 Immolation
1 Evasion
3 Keeper of the Grove
1 Force of Nature
2 Thorns Aura
3 Warden
2 Fan of Knives
1 Blink
» actions
| Build / train | 63 | |
| Enter build submenu | 18 | |
| Enter hero's abilities submenu | 10 | |
| Give item / drop item | 4 | |
| Right click | 381 | |
| Select / deselect | 300 | |
| Use ability | 88 | |
864 total
» units
| Wisp | 21 | |
| Druid of the Claw | 7 | |
| Dryad | 2 | |
30 total
» upgrades
| Strength of the Wild | 2 | |
| Reinforced Hides | 2 | |
| Ultravision | 1 | |
| Druid of the Claw Training | 2 | |
| Mark of the Claw | 2 | |
| Abolish Magic | 1 | |
| Well Spring | 1 | |
11 total
» buildings
| Altar of Elders | 2 | |
| Moon Well | 6 | |
| Ancient of Wonders | 1 | |
| Ancient of War | 1 | |
| Hunter's Hall | 1 | |
| Tree of Ages | 1 | |
| Ancient of Lore | 3 | |
| Tree of Eternity | 1 | |
| Tree of Life | 2 | |
18 total
» build order
00:10 Altar of Elders
00:17 Moon Well
00:52 Ancient of Wonders
01:32 Ancient of War
01:50 Moon Well
02:35 Hunter's Hall
03:19 Tree of Ages
03:26 Moon Well
05:43 Moon Well
05:52 Ancient of Lore
05:57 Ancient of Lore
06:01 Altar of Elders
06:28 Tree of Eternity
06:54 Moon Well
07:07 Ancient of Lore
11:24 Tree of Life
17:30 Moon Well
22:01 Tree of Life
» items
| Lesser Clarity Potion | 2 | |
| Scroll of Town Portal | 4 | |
| Orb of Fire | 1 | |
| Orb of Venom | 1 | |
8 total
team 2 (loser)

»
Evilmcgee (
green | 45 APM | 1711 actions | 37:44)
7 Blademaster
3 Wind Walk
3 Critical Strike
1 Bladestorm
» actions
| Basic commands | 2 | |
| Build / train | 94 | |
| ESC pressed | 4 | |
| Enter build submenu | 52 | |
| Enter hero's abilities submenu | 7 | |
| Give item / drop item | 1 | |
| Right click | 972 | |
| Select / deselect | 487 | |
| Use ability | 92 | |
1711 total
» units
| Peon | 33 | |
| Grunt | 8 | |
| Troll Batrider | 20 | |
| Demolisher | 6 | |
67 total
» upgrades
| Armor | 2 | |
| Reinforced Defenses | 1 | |
| Burning Oil | 1 | |
| Liquid Fire | 1 | |
| Ranged Weapons | 3 | |
8 total
» buildings
| Orc Burrow | 15 | |
| Altar of Storms | 1 | |
| Barracks | 1 | |
| Voodoo Lounge | 1 | |
| War Mill | 1 | |
| Stronghold | 1 | |
| Great Hall | 4 | |
| Fortress | 1 | |
| Watch Tower | 20 | |
| Beastiary | 3 | |
48 total
» build order
00:24 Orc Burrow
00:40 Altar of Storms
00:47 Barracks
01:55 Orc Burrow
02:54 Voodoo Lounge
03:21 War Mill
03:34 Orc Burrow
05:24 Stronghold
05:44 Orc Burrow
07:37 Great Hall
07:59 Great Hall
09:16 Fortress
09:36 Watch Tower
10:36 Orc Burrow
10:52 Watch Tower
12:16 Watch Tower
12:18 Watch Tower
12:22 Watch Tower
12:27 Orc Burrow
12:53 Orc Burrow
12:59 Orc Burrow
13:25 Watch Tower
14:42 Watch Tower
14:45 Watch Tower
15:03 Watch Tower
15:07 Watch Tower
16:01 Orc Burrow
16:04 Orc Burrow
16:17 Orc Burrow
16:56 Beastiary
17:00 Beastiary
17:09 Watch Tower
18:16 Beastiary
18:35 Watch Tower
19:30 Watch Tower
19:59 Orc Burrow
21:45 Orc Burrow
21:53 Great Hall
22:03 Orc Burrow
24:14 Orc Burrow
24:41 Watch Tower
24:42 Watch Tower
24:43 Watch Tower
24:45 Watch Tower
24:46 Watch Tower
26:19 Watch Tower
28:22 Watch Tower
35:52 Great Hall
» items
| Healing Salve | 2 | |
| Lesser Clarity Potion | 1 | |
| Scroll of Speed | 1 | |
| Boots of Speed | 1 | |
| Circlet of Nobility | 1 | |
| Orb of Lightning | 1 | |
| Scroll of Town Portal | 2 | |
9 total

»
kovtunin (
red | 83 APM | 3115 actions | 37:44)
8 Dreadlord
3 Vampiric Aura
3 Sleep
1 Inferno
1 Carrion Swarm
» actions
| Assign group hotkey | 61 | |
| Build / train | 105 | |
| Enter build submenu | 23 | |
| Enter hero's abilities submenu | 8 | |
| Give item / drop item | 2 | |
| Remove unit from queue | 2 | |
| Right click | 765 | |
| Select / deselect | 366 | |
| Select group hotkey | 1734 | |
| Use ability | 48 | |
3115 total
» units
| Acolyte | 34 | |
| Ghoul | 18 | |
| Gargoyle | 18 | |
| Crypt Fiend | 8 | |
78 total
» upgrades
| Creature Attack | 3 | |
| Creature Carapace | 3 | |
| Web | 1 | |
7 total
» buildings
| Crypt | 3 | |
| Ziggurat | 6 | |
| Altar of Darkness | 1 | |
| Graveyard | 1 | |
| Tomb of Relics | 1 | |
| Halls of the Dead | 1 | |
| Nerubian Tower | 1 | |
| Black Citadel | 2 | |
16 total
» build order
00:14 Crypt
00:20 Ziggurat
00:41 Altar of Darkness
01:03 Graveyard
01:44 Ziggurat
02:23 Tomb of Relics
03:20 Ziggurat
05:01 Halls of the Dead
06:24 Crypt
07:01 Nerubian Tower
07:47 Ziggurat
07:48 Ziggurat
16:37 Crypt
17:09 Black Citadel
17:09 Black Citadel
21:47 Ziggurat
» items
| Potion of Healing | 2 | |
| Scroll of Town Portal | 3 | |
5 total

»
DarkPikachu (
yellow | 19 APM | 700 actions | 37:44)
7 Archmage
3 Summon Water Elemental
2 Blizzard
1 Mass Teleport
1 Brilliance Aura
» actions
| Assign group hotkey | 10 | |
| Build / train | 75 | |
| Enter build submenu | 23 | |
| Enter hero's abilities submenu | 8 | |
| Right click | 236 | |
| Select / deselect | 165 | |
| Select group hotkey | 130 | |
| Use ability | 53 | |
700 total
» units
| Peasant | 39 | |
| Footman | 5 | |
| Gryphon Rider | 17 | |
61 total
» upgrades
| Storm Hammers | 1 | |
| Lumber Harvesting | 2 | |
| Masonry | 1 | |
4 total
» buildings
| Farm | 13 | |
| Altar of Kings | 3 | |
| Barracks | 2 | |
| Keep | 1 | |
| Lumber Mill | 1 | |
| Castle | 1 | |
| Gryphon Aviary | 2 | |
| Town Hall | 2 | |
25 total
» build order
00:25 Farm
00:47 Altar of Kings
01:03 Farm
01:46 Barracks
01:55 Barracks
03:02 Farm
03:06 Farm
03:17 Keep
03:25 Lumber Mill
03:53 Farm
04:31 Farm
05:14 Farm
05:39 Castle
05:49 Gryphon Aviary
05:58 Gryphon Aviary
08:40 Town Hall
09:16 Farm
10:12 Farm
15:59 Farm
16:05 Farm
16:42 Farm
16:47 Farm
24:27 Altar of Kings
24:43 Altar of Kings
27:06 Town Hall
Kbilly (
teal | 44 APM | 1652 actions | 37:44)
8 Blademaster
3 Wind Walk
2 Critical Strike
2 Mirror Image
1 Bladestorm
5 Tauren Chieftain
3 Endurance Aura
1 War Stomp
1 Shockwave
1 Far Seer
1 Far Sight
» actions
| Assign group hotkey | 55 | |
| Basic commands | 60 | |
| Build / train | 127 | |
| ESC pressed | 3 | |
| Enter build submenu | 38 | |
| Enter hero's abilities submenu | 14 | |
| Give item / drop item | 1 | |
| Right click | 305 | |
| Select / deselect | 319 | |
| Select group hotkey | 602 | |
| Use ability | 128 | |
1652 total
» units
| Peon | 42 | |
| Grunt | 6 | |
| Forest Troll Shadow Priest | 1 | |
| Troll Witch Doctor | 4 | |
| Shaman | 2 | |
| Tauren | 7 | |
| Troll Batrider | 20 | |
82 total
» upgrades
| Pillage | 1 | |
| Spiked Barricades | 1 | |
| Armor | 2 | |
| Witch Doctor Training | 2 | |
| Shaman Training | 2 | |
| Melee Weapons | 1 | |
| Reinforced Defenses | 1 | |
| Backpack | 1 | |
| Liquid Fire | 1 | |
12 total
» buildings
| Altar of Storms | 1 | |
| Orc Burrow | 4 | |
| Barracks | 1 | |
| Voodoo Lounge | 2 | |
| Stronghold | 1 | |
| War Mill | 1 | |
| Watch Tower | 22 | |
| Spirit Lodge | 2 | |
| Great Hall | 3 | |
| Fortress | 1 | |
| Tauren Totem | 1 | |
| Beastiary | 1 | |
40 total
» build order
00:07 Altar of Storms
00:15 Orc Burrow
00:40 Barracks
01:34 Orc Burrow
02:11 Voodoo Lounge
03:16 Orc Burrow
04:25 Stronghold
04:32 War Mill
06:00 Watch Tower
06:03 Watch Tower
06:48 Spirit Lodge
06:50 Spirit Lodge
07:26 Great Hall
07:28 Fortress
10:31 Tauren Totem
11:53 Orc Burrow
13:17 Watch Tower
16:31 Beastiary
16:43 Watch Tower
17:04 Voodoo Lounge
17:18 Watch Tower
18:25 Watch Tower
19:07 Watch Tower
19:10 Watch Tower
19:36 Watch Tower
20:36 Watch Tower
20:39 Watch Tower
22:15 Watch Tower
23:21 Watch Tower
23:25 Watch Tower
24:41 Watch Tower
31:00 Watch Tower
31:02 Watch Tower
31:06 Watch Tower
31:36 Watch Tower
31:37 Watch Tower
33:57 Watch Tower
34:27 Watch Tower
37:32 Great Hall
37:37 Great Hall
» items
| Healing Salve | 1 | |
| Boots of Speed | 1 | |
| Staff of Teleportation | 1 | |
| Orb of Lightning | 3 | |
| Tiny Great Hall | 2 | |
| Scroll of Town Portal | 1 | |
| Scroll of Speed | 1 | |
| Potion of Healing | 1 | |
| Lesser Clarity Potion | 1 | |
12 total
Chat log
(00:13 / Allies) Rex3Iverson: rush
(00:14 / All) Evilmcgee: I quit, theres a pokemon on my team. :|
(00:21 / Allies) NoobFest: l
(00:22 / Allies) NoobFest: k
(00:27 / Allies) Darkmen: k
(01:47 / Allies) humankingtomvip: i like your username noobfest
(01:50 / Allies) humankingtomvip: very appropriate
(02:00 / All) NoobFest: for bnet it is
(02:09 / Allies) NoobFest: esp 4x4
(02:13 / Allies) Rex3Iverson: oj were rushin
(02:21 / Allies) humankingtomvip: im american
(02:36 / Allies) Rex3Iverson: great
(03:13 / Allies) Rex3Iverson: i guess were not rushin then
(03:22 / Allies) humankingtomvip: did u get my joke
(03:28 / Allies) NoobFest: im ready
(03:41 / Allies) NoobFest: and hes not
(03:45 / Allies) Rex3Iverson: rite
(03:57 / Allies) humankingtomvip: oh no
(04:18 / Allies) humankingtomvip: \kill ud hero
(04:19 / Allies) humankingtomvip: make him tp
(04:26 / Allies) humankingtomvip: kill ghouls
(04:27 / Allies) humankingtomvip: theyre weakest
(09:20 / Allies) Rex3Iverson: guys expo
(09:28 / Allies) humankingtomvip: yeah for real lol
(09:33 / Allies) humankingtomvip: map ios called gold rush
(09:35 / Allies) humankingtomvip: not sit in your base rush
(09:41 / Allies) Rex3Iverson: rite
(10:12 / Allies) humankingtomvip: wood pls
(10:53 / Allies) Rex3Iverson: stop towerin n get some units blue
(10:59 / Allies) Rex3Iverson: wtf
(11:21 / Allies) Rex3Iverson: burrow
(11:27 / Allies) NoobFest: really?
(12:25 / Allies) Rex3Iverson: fuckin noob
(12:42 / Allies) Rex3Iverson: oj lost it for us
(12:45 / Allies) NoobFest: noshit
(12:48 / Allies) humankingtomvip: ...
(12:58 / Allies) humankingtomvip: ur the one that got ur shit pushed in
(13:02 / Allies) humankingtomvip: im doing fine
(13:14 / Allies) Rex3Iverson: ur not doin shit
(13:16 / Allies) Rex3Iverson: fuckin help
(13:16 / Allies) NoobFest: u lost the game oj
(13:21 / Allies) humankingtomvip: look at this base
(13:22 / Allies) humankingtomvip: noob
(13:22 / Allies) NoobFest: dont matter how ur doing
(13:33 / Allies) humankingtomvip: get raped and blame ur ally
(13:36 / Allies) humankingtomvip: i bet u guys dont play solo
(13:39 / Allies) humankingtomvip: cuz u have noone to blame
(13:40 / Allies) humankingtomvip: in solo
(13:48 / Allies) NoobFest: its obvious thats all u do
(14:02 / Allies) Darkmen: b
(14:02 / Allies) Darkmen: b
(14:03 / Allies) Darkmen: b
(14:03 / Allies) Darkmen: b
(14:04 / Allies) Darkmen: b
(14:04 / Allies) Darkmen: b
(14:08 / Allies) humankingtomvip: its one garg noob
(14:08 / Allies) humankingtomvip: stfu
(14:09 / Allies) humankingtomvip: l2p
(14:36 / Allies) humankingtomvip: let me out of this trap
(14:40 / Allies) humankingtomvip: and quit afking in ur base
(15:10 / Allies) humankingtomvip: follow mode
(15:11 / Allies) humankingtomvip: brillisant
(15:13 / Allies) humankingtomvip: rofl
(15:29 / Allies) humankingtomvip: web
(15:33 / Allies) humankingtomvip: web you dogfucke
(15:37 / Allies) humankingtomvip: fucking follow mode retard
(15:40 / Allies) humankingtomvip: jesus
(15:43 / Allies) Darkmen: b
(15:44 / Allies) Darkmen: b
(15:44 / Allies) NoobFest: fight u dumass
(15:45 / Allies) Darkmen: b
(15:45 / Allies) Darkmen: b
(15:46 / Allies) Darkmen: b
(15:46 / Allies) Darkmen: b
(15:46 / Allies) Darkmen: b
(15:47 / Allies) Darkmen: b
(15:47 / Allies) Darkmen: b
(15:47 / Allies) Darkmen: b
(15:47 / Allies) Darkmen: b
(15:48 / Allies) Darkmen: b
(15:48 / Allies) Darkmen: b
(15:48 / Allies) Darkmen: b
(15:49 / Allies) Darkmen: b
(15:49 / Allies) Darkmen: b
(15:49 / Allies) Darkmen: b
(15:50 / Allies) Darkmen: b
(15:50 / Allies) Darkmen: b
(15:55 / Allies) NoobFest: bak and forth doesnt work in 4x4
(16:43 / Allies) NoobFest: typical solo shit
(16:59 / Allies) humankingtomvip: typical 45% crybaby
(17:25 / Allies) NoobFest: LOL DOESNT change the fact u lost the game moron
(17:35 / Allies) humankingtomvip: yeah it was my unitless base that got shit on
(17:42 / Allies) humankingtomvip: with no armor upgrades for mass xp tome orc towers
(17:45 / Allies) NoobFest: lol
(17:46 / Allies) humankingtomvip: that was me
(18:01 / Allies) NoobFest: like it was ur base that was rushed
(18:07 / Allies) humankingtomvip: my base would have been fine
(18:13 / Allies) humankingtomvip: somehow i towered better than you adn got units
(18:14 / Allies) NoobFest: shows what a solo noob ur are
(18:25 / Allies) humankingtomvip: "solo noob"
(18:25 / Allies) NoobFest: did we say rush?
(18:25 / Allies) humankingtomvip: rofl
(18:29 / Allies) NoobFest: and who didnt
(18:34 / Allies) NoobFest: solo asshole
(19:07 / Allies) NoobFest: who didnt rush asshole? U
(19:14 / Allies) NoobFest: definition of solo asshole
(19:23 / Allies) humankingtomvip: fight
(19:31 / Allies) humankingtomvip: why woudl you tp
(19:47 / Allies) humankingtomvip: figh tmoron
(19:51 / Allies) humankingtomvip: are you kidding me
(19:57 / Allies) humankingtomvip: blind retard
(22:03 / Allies) Rex3Iverson: expos
(22:27 / Allies) humankingtomvip: this ones in the bag for them
(22:30 / Allies) humankingtomvip: tehyre at 400 food
(22:32 / Allies) humankingtomvip: we cant even make 200
(22:43 / Allies) humankingtomvip: the elf on our team is someones little sister
(22:54 / Allies) NoobFest: because of u NOOB
(23:01 / Allies) humankingtomvip: do you think you could beat me 1v1?
(23:09 / Allies) NoobFest: dont give a shit
(23:18 / Allies) NoobFest: im talking about this game asshole
(23:28 / Allies) NoobFest: u fucked us all by not rushing
(23:44 / Allies) humankingtomvip: so you only play a gametype where you depend entirely on your allies
(23:48 / Allies) humankingtomvip: then you get raped and bitch about what theyre doing
(24:17 / Allies) NoobFest: lol its called team work jackass
(24:23 / Allies) humankingtomvip: getting raped is not teamwork
(32:06 / Allies) humankingtomvip: coil that bat
(33:41 / All) Evilmcgee: Oj you suck, just sayin :)
(33:47 / All) Rex3Iverson: lo
(33:47 / All) NoobFest: lmfao
(33:49 / All) Rex3Iverson: lol
(34:04 / All) NoobFest: weve been tellin him that
(34:16 / All) Evilmcgee: hes a fucking idiot lol
(34:21 / All) Rex3Iverson: ya
(34:21 / All) NoobFest: so tru
(34:42 / Allies) Rex3Iverson: he doesnt no how to play 4s
(34:50 / All) Rex3Iverson: hes just runnin around
(34:51 / All) humankingtomvip: someday i hope to be 45% like my allies
(34:54 / All) NoobFest: no shit
(34:59 / Allies) NoobFest: hes horrible
(35:08 / Allies) NoobFest: the dude has no clue
(35:10 / All) Rex3Iverson: ya hes sucks
(35:24 / All) Evilmcgee: he wishs he was good
(35:39 / All) Rex3Iverson: lol
(35:55 / All) NoobFest: he keeps on saying hes pro at 1v1
(36:21 / All) NoobFest: like that somehow makes him good at 4x4'
(36:22 / Allies) humankingtomvip: when did i say that
(36:37 / Allies) humankingtomvip: i said i could beat you
(36:38 / All) NoobFest: he doesnt realize how much he sucks
(36:40 / Allies) humankingtomvip: computer easy could beat you
(36:43 / Allies) humankingtomvip: that doesnt make me pro
(36:51 / All) NoobFest: really sad
(37:02 / Allies) NoobFest: hes completely out of touch with reality
(37:22 / All) Rex3Iverson: gg
(37:27 / All) Rex3Iverson: we couldve won but oj lost it
(37:33 / All) NoobFest: yup